 Dungeon Sprint DCSS version 0.21-a0-349-g0c35859 (webtiles) character file.

3605 Kidiri the Fighter (level 9, 0/93 HPs)
             Began as a Black Draconian Gladiator on Oct 7, 2017.
             Was the Champion of Trog.
             Killed from afar by a wizard (53 damage)
             ... with a crystal spear
             ... in the Dungeon (Sprint VII: "The Pits").
             The game lasted 00:09:21 (1878 turns).

Kidiri the Fighter (Black Draconian Gladiator)      Turns: 1878, Time: 00:09:21

Health: 0/93       AC:  8    Str: 22    XL:     9   Next: 86%
Magic:  9/9        EV: 18    Int: 13    God:    Trog [******]
Gold:   0          SH:  0    Dex: 12    Spells: 8/8 levels left

rFire    . . .     SeeInvis .   a - +4 great mace of Xanles {elec, MR+}
rCold    . . .     Gourm    .   (shield currently unavailable)
rNeg     . . .     Faith    .   (armour unavailable)
rPois    .         Spirit   .   b - +0 hat
rElec    +         Reflect  .   w - +0 cloak
rCorr    .         Harm     .   (no gloves)
MR       +....     NoTele   +   (no boots)
Stlth    +.........             (no amulet)
HPRegen  0.25/turn              m - +3 ring of strength
MPRegen  0.11/turn              t - +3 ring of intelligence

@: short of breath
A: breathe lightning, unfitting armour, antennae 1, deterioration 1, electricity
resistance, cold-blooded, AC +7
a: Breathe Lightning, Berserk, Trog's Hand, Brothers in Arms, Burn Spellbooks,
Renounce Religion


You were in the Dungeon.
You worshipped Trog.
Trog was exalted by your worship.
You were completely stuffed.

You visited 1 branch

Inventory:

Hand Weapons
 a - the +4 great mace of Xanles (weapon) {elec, MR+}
   (Trog gifted it to you in the Dungeon)

   Occasionally, upon striking a foe, it will discharge some electrical energy
   and cause terrible harm.
   It affects your resistance to hostile enchantments.
Missiles
 c - 2 throwing nets
 e - 5 tomahawks
 f - 6 javelins of returning
 s - 2 tomahawks of returning (quivered)
Armour
 b - a +0 hat (worn)
 w - a +0 cloak (worn)
Jewellery
 m - a +3 ring of strength (left hand)
 t - a +3 ring of intelligence (right hand)
Scrolls
 j - a scroll of blinking
 l - 3 scrolls of remove curse
 n - a scroll of summoning
Potions
 g - a potion of haste
 h - 5 potions of magic
 i - 4 potions of berserk rage
 k - 2 potions of invisibility
 q - 6 potions of curing
 r - 8 potions of heal wounds
 u - a potion of brilliance
 v - a potion of might
Comestibles
 d - 8 bread rations
 o - 18 fruits
 p - 7 meat rations


   Skills:
 * Level 13.3 Fighting
 * Level 12.4 Maces & Flails
 + Level 8.4 Throwing
 * Level 11.5 Dodging


You had 8 spell levels left.
You didn't know any spells.

Dungeon Overview and Level Annotations

Branches:
Dungeon (1/1)

Altars:
Ashenzari
Cheibriados
Dithmenos
Elyvilon
Fedhas
Gozag
Hepliaklqana
Kikubaaqudgha
Makhleb
Nemelex Xobeh
Okawaru
Qazlal
Ru
Sif Muna
Trog
Uskayaw
Vehumet
Wu Jian
Xom
Yredelemnul
Zin
The Shining One
Beogh
Jiyva
Lugonu


Innate Abilities, Weirdness & Mutations

You can breathe wild blasts of lightning.
Your glossy black scales are hard. (AC +7)
You cannot fit into any form of body armour.
You are resistant to electric shocks. (rElec)
You are cold-blooded and may be slowed by cold attacks.
You have a pair of small antennae on your head.
Your body sometimes deteriorates upon taking damage.


Message History

You sock the manticore!
You kill the manticore!
Trog accepts your kill.
You feel your strength returning.
You bludgeon the steam dragon!!
Your tail-slap misses the steam dragon.
The steam dragon is severely wounded.
The steam dragon bites you. The steam dragon barely misses you.
You hit the steam dragon.
The steam dragon is almost dead.
The steam dragon barely misses you. x2; The steam dragon bites you.
The steam dragon closely misses you.
You bludgeon the steam dragon!!
Lightning courses through the steam dragon!
You kill the steam dragon!
Trog accepts your kill.
The steam dragon scales are intact enough to wear.
The wizard casts a spell at you. The crystal spear hits you!
Ouch! That really hurt!
You die...

............#
#####''######
...##''################
...##..#..............#
...##..##.....)........
...##..####...#+######.
...##..#..#####.##D..#
...##..#....##)..#§..#
...##..÷%....#..@#§§.#
#####..'.....+...p.).+
#####..'.....#...#...#
..[##..#....##...#...#
.[[##..#..#####.##...#
.))##..####...#+######.
.))##..##..............
.))##..#..............#
#######################


You could see a wizard.

Vanquished Creatures
  An orc sorcerer (D)
  A manticore (D)
  A gargoyle (D)
  A jumping spider (D)
  2 tyrant leeches (D)
  A bog body (D)
  A wandering mushroom (D)
  A snapping turtle (D)
  A flying skull (D)
  Sigmund (D)
  A hungry ghost (D)
  A steam dragon (D)
  A floating eye (D)
  An eye of draining (D)
  2 necrophages (D)
  A wolf (D)
  A crocodile (D)
  Blork the orc (D)
  2 killer bees (D)
  A small abomination (D)
  2 orc wizards (D)
  Jessica (D)
  A worker ant (D)
  2 gnolls (D)
  An ufetubus (D)
  An ooze (D)
  An adder zombie (D)
  An adder skeleton (D)
  A leopard gecko (D)
  2 orcs (D)
  4 jackals (D)
  A kobold (D)
  A quokka (D)
  A frilled lizard (D)
43 creatures vanquished.

Vanquished Creatures (collateral kills)
  A red devil (D)
  A killer bee (D)
2 creatures vanquished.

Grand Total: 45 creatures vanquished

Notes
Turn   | Place    | Note
-------+----------+-------------------------------------------
     0 | D        | Kidiri the Draconian Gladiator began the quest for the Orb.
     0 | D        | Reached XP level 1. HP: 17/17 MP: 1/1
    49 | D        | Found a bloodstained altar of Trog.
    49 | D        | Found a deep blue altar of Sif Muna.
    49 | D        | Found a viscous altar of Jiyva.
    49 | D        | Found a hazy altar of Hepliaklqana.
    49 | D        | Found an opulent altar of Gozag.
    50 | D        | Found a glowing golden altar of the Shining One.
    50 | D        | Found a glowing silver altar of Zin.
    50 | D        | Found a basalt altar of Yredelemnul.
    50 | D        | Found a shimmering altar of Xom.
    50 | D        | Found an ornate altar of the Wu Jian Council.
    50 | D        | Found a sacrificial altar of Ru.
    50 | D        | Found a stormy altar of Qazlal.
    50 | D        | Found an iron altar of Okawaru.
    50 | D        | Found a sparkling altar of Nemelex Xobeh.
    50 | D        | Found a burning altar of Makhleb.
    50 | D        | Found a blossoming altar of Fedhas.
    50 | D        | Found a white marble altar of Elyvilon.
    50 | D        | Found a shadowy altar of Dithmenos.
    50 | D        | Found a snail-covered altar of Cheibriados.
    53 | D        | Found a radiant altar of Vehumet.
    53 | D        | Found a corrupted altar of Lugonu.
    53 | D        | Found a roughly hewn altar of Beogh.
    54 | D        | Found a hide-covered altar of Uskayaw.
    54 | D        | Found an ancient bone altar of Kikubaaqudgha.
    54 | D        | Found a shattered altar of Ashenzari.
    63 | D        | Became a worshipper of Trog the Wrathful
    95 | D        | Reached skill level 3 in Fighting
   184 | D        | Reached * piety under Trog
   184 | D        | Reached XP level 2. HP: 20/26 MP: 2/2
   289 | D        | Reached ** piety under Trog
   289 | D        | Reached skill level 4 in Fighting
   290 | D        | Reached XP level 3. HP: 33/33 MP: 3/3
   370 | D        | Noticed a floating eye
   372 | D        | Paralysed by a floating eye for 3 turns
   378 | D        | Killed a floating eye
   378 | D        | Reached skill level 6 in Fighting
   378 | D        | Reached skill level 5 in Maces & Flails
   378 | D        | Reached skill level 5 in Dodging
   378 | D        | Reached XP level 4. HP: 40/44 MP: 4/4
   384 | D        | Reached *** piety under Trog
   390 | D        | Noticed a necrophage
   391 | D        | Reached XP level 5. HP: 40/50 MP: 5/5
   399 | D        | Reached **** piety under Trog
   403 | D        | Noticed a necrophage
   411 | D        | Killed a necrophage
   411 | D        | Reached skill level 7 in Fighting
   416 | D        | Killed a necrophage
   416 | D        | Reached skill level 8 in Fighting
   416 | D        | Reached XP level 6. HP: 59/61 MP: 6/6
   509 | D        | Noticed Sigmund
   514 | D        | Killed Sigmund
   514 | D        | Reached ***** piety under Trog
   514 | D        | Reached skill level 5 in Throwing
   518 | D        | Noticed an orc sorcerer
   521 | D        | Noticed a sixfirhy
   522 | D        | Noticed a smoke demon
   525 | D        | Noticed a sun demon
   530 | D        | Paralysed by an orc sorcerer for 2 turns
   535 | D        | Paralysed by an orc sorcerer for 6 turns
   545 | D        | Killed an orc sorcerer
   545 | D        | Reached skill level 10 in Fighting
   545 | D        | Your scales start taking on a glossy black colour.
   545 | D        | Reached XP level 7. HP: 37/72 MP: 7/7
   545 | D        | Gained mutation: You are resistant to electric shocks. (rElec) [Black Draconian growth]
   701 | D        | Noticed Blork the orc
   709 | D        | Received a gift from Trog
   713 | D        | Reached XP level 8. HP: 68/80 MP: 8/8
   716 | D        | Killed Blork the orc
   716 | D        | Received a gift from Trog
   727 | D        | Got a brightly glowing great mace {god gift}
   728 | D        | Identified the +4 great mace of Xanles {elec, MR+} (Trog gifted it to you in the Dungeon)
   756 | D        | Noticed a flying skull
   756 | D        | Noticed a gargoyle
   756 | D        | Noticed a tyrant leech
   760 | D        | Killed a flying skull
   760 | D        | Reached skill level 10 in Maces & Flails
   770 | D        | Killed a tyrant leech
   770 | D        | Reached skill level 11 in Fighting
   773 | D        | Killed a gargoyle
   773 | D        | Reached skill level 10 in Dodging
   809 | D        | Gained mutation: Your body sometimes deteriorates upon taking damage. [potion of mutation]
   809 | D        | Gained mutation: You have a pair of small antennae on your head. [potion of mutation]
  1166 | D        | Noticed a jumping spider
  1178 | D        | Killed a jumping spider
  1178 | D        | Reached XP level 9. HP: 77/90 MP: 9/9
  1181 | D        | Received a gift from Trog
  1181 | D        | Reached skill level 12 in Fighting
  1230 | D        | Noticed Jessica
  1232 | D        | Noticed a tyrant leech
  1237 | D        | Killed Jessica
  1237 | D        | Reached ****** piety under Trog
  1237 | D        | Received a gift from Trog
  1242 | D        | Killed a tyrant leech
  1274 | D        | Noticed a red devil
  1279 | D        | Killed a red devil
  1522 | D        | Noticed a wandering mushroom
  1536 | D        | HP: 4/92 [snapping turtle (25)]
  1539 | D        | Received a gift from Trog
  1539 | D        | Reached skill level 13 in Fighting
  1866 | D        | Noticed a wizard
  1869 | D        | Noticed a manticore
  1875 | D        | Killed a manticore
  1878 | D        | Killed from afar by a wizard

Vault maps used:
D:        pitsprint

Skill      XL: |  1  2  3  4  5  6  7  8  9 |
---------------+----------------------------+-----
Throwing       | 2 3 4 6 7 8 |  8.4
Fighting       | 3 4 6 8 10 11 13 | 13.3
Dodging        | 3 5 7 8 9 10 11 | 11.5
Maces & Flails | 4 5 6 7 9 11 12 | 12.4

Action                   |  1- 3 |  4- 6 |  7- 9 || total
-------------------------+-------+-------+-------++-------
Melee: Mace              |    42 |    52 |    11 ||   105
       Tailslap          |     4 |    11 |     3 ||    18
       Flail             |     1 |       |       ||     1
       Great mace        |       |       |    54 ||    54
Throw: Throwing net      |     2 |       |       ||     2
       Tomahawk          |       |       |     3 ||     3
Invok: Trog's Hand       |       |     1 |       ||     1
       Berserk           |       |     2 |     3 ||     5
       Brothers in Arms  |       |       |     1 ||     1
 Abil: Breathe Lightning |       |       |     4 ||     4
  Use: Potion            |     3 |       |     2 ||     5
 Stab: Held in net/web   |     1 |       |       ||     1
  Eat: Chunk             |       |     1 |     3 ||     4
       Fruit             |       |       |    22 ||    22
Armor: Skin              |    13 |    18 |    11 ||    42
Dodge: Dodged            |    45 |    30 |    51 ||   126

Table legend:
 A = Spawn XP
 B = Non-spawn XP
 C = Spawn XP percentage of total XP
 D = Spawn monster count
 E = Non-spawn monster count
 F = Spawn count percentage of total count
 G = Total turns spent on level
                    A         B        C        D         E        F      G
               +---------+---------+-------+---------+---------+-------+---------
         Total |       0 |    5150 |   0.0 |       0 |      45 |   0.0 |  1878
               +---------+---------+-------+---------+---------+-------+---------
             D |       0 |    5150 |   0.0 |       0 |      45 |   0.0 |  1878
               +---------+---------+-------+---------+---------+-------+---------
